 Dungeon Crawl Stone Soup version 0.31-a0-1589-g8f5e8aebd6 (webtiles) character file.

Game seed: 11323568527631901369

172485 shadizar the Earth Mage (level 18, -8/83 HPs)
             Began as a Gargoyle Earth Elementalist on Jan 4, 2024.
             Was a High Priest of Vehumet.
             Mangled by a profane servitor
             ... wielding a +2 whip
              (9 damage)
             ... on level 4 of the Abyss on Jan 5, 2024.
             The game lasted 02:18:30 (35135 turns).

shadizar the Earth Mage (GrEE)                     Turns: 35135, Time: 02:18:30

Health: -8/83      AC: 34    Str: 10 (12) XL:     18   Next: 3%
Magic:  36/40      EV:  8    Int: 18 (22) God:    Vehumet [*****.]
Gold:   4038       SH:  7    Dex:  1 (6)  Spells: 13/42 levels left

rFire   + + .        R - staff of earth
rCold   + . .        L - +2 buckler
rNeg    + . .        E - +2 scale mail of the Clam {Will+ Stlth+}
rPois   ∞            H - +1 helmet
rElec   +            t - +2 cloak
rCorr   .            p - +1 pair of gloves
SInv    .            s - +2 pair of boots
Will    ++...        i - amulet of regeneration
Stlth   +++          h - ring of magical power
HPRegen 0.00/turn    N - ring of Bodily Harmony {*Slow rF++ rC+ Int+2}
MPRegen 0.27/turn

%: random rage (3%), slow self (1%)
@: flying, inhibited regen, wreathed by umbra
A: sickness immunity, AC +13, big wings, negative energy resistance 1,
electricity resistance, torment resistance 1, petrification resistance, [berserk
1], [clumsy 2], [deformed body], [deterioration 2], [dopey 2], [frail 3], [low
MP 1], [screaming 2], [inhibited regeneration], ([teleportitis 2]), [subdued
magic 3], [inability to drink after injury 2], [inability to read after injury
2]
a: Renounce Religion


You were on level 4 of the Abyss.
You worshipped Vehumet.
Vehumet was extremely pleased with you.
You visited 6 branches of the dungeon, and saw 27 of its levels.
You visited the Abyss 1 time.
You also visited: Ossuary and Bailey.

You collected 4038 gold pieces.

Inventory:

Hand Weapons
 M - a +4 dagger
Armour
 j - a +2 robe of fire resistance
 n - a +0 kite shield
 p - a +1 pair of gloves (worn)
 s - a +2 pair of boots (worn)
 t - a +2 cloak (worn)
 y - a +0 ring mail of positive energy
 E - the +2 scale mail of the Clam (worn) {Will+ Stlth+}
   (You found it on level 6 of the Dungeon)

   Will+:     It increases your willpower.
   Stlth+:    It makes you more stealthy.
 F - a +2 leather armour of fire resistance
 H - a +1 helmet (worn)
 I - a +2 ring mail of cold resistance
 L - a +2 buckler (worn)
Magical Staves
 R - a staff of earth (weapon)
Jewellery
 b - a +4 ring of protection
 h - a ring of magical power (left hand)
 i - an amulet of regeneration (around neck)
 v - a +4 ring of protection
 N - the ring of Bodily Harmony (right hand) {*Slow rF++ rC+ Int+2}
   (You found it on level 8 of the Dungeon)

   [ring of protection from cold]

   Int+2:     It affects your intelligence (+2).
   rF++:      It greatly protects you from fire.
   rC+:       It protects you from cold.
   *Slow:     It may slow you when you take damage.
 Q - a ring of protection from cold
Talismans
 B - the serpent talisman of Coeg {Str+2 Dex+3}
   (You took it off Aizul on level 1 of the Spider Nest)

   [serpent talisman]

   Str+2:     It affects your strength (+2).
   Dex+3:     It affects your dexterity (+3).
Wands
 l - a wand of flame (16)
 m - a wand of quicksilver (4)
 r - a wand of paralysis (10)
 z - a wand of roots (25)
 C - a wand of polymorph (24)
 U - a wand of digging (14)
Scrolls
 c - 13 scrolls of identify
 f - a scroll of brand weapon
 k - 3 scrolls of revelation
 q - 2 scrolls of amnesia
 A - 2 scrolls of teleportation
 D - 3 scrolls of enchant weapon
 J - 3 scrolls of silence
Potions
 a - 3 potions of cancellation
 d - 3 potions of brilliance
 u - 3 potions of enlightenment
 w - 2 potions of might
 S - 3 potions of berserk rage


   Skills:
 + Level 15.1 Fighting
 - Level 5.5 Staves
 + Level 12.1 Armour
 + Level 2.3 Dodging
 - Level 8.6 Stealth
 + Level 11.9 Shields
 + Level 12.8 Spellcasting
 + Level 14.5 Conjurations
 - Level 2.5 Air Magic
 + Level 16.4 Earth Magic


You had 13 spell levels left.
You knew the following spells:

 Your Spells              Type           Power      Damage    Failure   Level
a - Sandblast             Erth           100%       2d20      0%          1
b - Stone Arrow           Conj/Erth      100%       3d13      0%          3
c - Static Discharge      Conj/Air       44%        3-5/arc   1%          2
d - Lee's Rapid Deconstr  Erth           27%        3d14*     1%          5
e - Bombard               Conj/Erth      26%        9d5       1%          6
f - Passwall              Erth           54%        N/A       0%          3
g - Shatter               Erth           27%        3d23*     99%         9

Your spell library contained the following spells:

 Spells                   Type           Power      Damage    Failure   Level
 Chain Lightning          Conj/Air       11%        3d14      100%        9
 Polar Vortex             Ice            3%         N/A       100%        9
 Magic Dart               Conj           100%       1d8       0%          1
 Searing Ray              Conj           66%        2d6       0%          2
 Momentum Strike          Conj/Tloc      38%        3d9       1%          2
 Brom's Barrelling Bould  Conj/Erth      52%        2d7       1%          4
 Fulminant Prism          Conj/Alch      9%         3d7       2%          4
 Arcjolt                  Conj/Air       11%        1d21      4%          5
 Petrify                  Alch/Erth      32%        N/A       5%          4
 Irradiate                Conj/Alch      9%         3d14      8%          5
 Freezing Cloud           Conj/Ice/Air   8%         6-21      16%         5
 Inner Flame              Hex/Fire       6%         N/A       17%         3
 Summon Small Mammal      Summ           24%        N/A       21%         1
 Airstrike                Air            5%         2d(1-17)  21%         4
 Blink                    Tloc           12%        N/A       30%         2
 Lesser Beckoning         Tloc           12%        N/A       30%         2
 Ignite Poison            Fire/Alch      6%         N/A       50%         4
 Call Canine Familiar     Summ           6%         N/A       54%         3
 Tukima's Dance           Hex            6%         N/A       54%         3
 Summon Lightning Spire   Summ/Air       8%         N/A       80%         4
 Vhi's Electric Charge    Tloc/Air       16%        N/A       80%         4
 Yara's Violent Unravell  Hex/Alch       3%         3d4       83%         5
 Passage of Golubria      Tloc           6%         N/A       94%         4
 Summon Blazeheart Golem  Fire/Summ      6%         N/A       94%         4
 Summon Forest            Summ/Tloc      3%         N/A       100%        5
 Eringya's Noxious Bog    Alch           3%         4d6       100%        6
 Summon Hydra             Summ           3%         N/A       100%        7
 Ignition                 Fire           3%         3d4       100%        8
 Maxwell's Capacitive Co  Air            5%         ∞         100%        8
 Cigotuvi's Dreadful Rot  Necr/Alch/Air  Unusable   N/A       N/A         2

Dungeon Overview and Level Annotations

Branches:
Dungeon (15/15)            Temple (1/1) D:5            Lair (5/5) D:10
 Shoals (0/4) Lair:3       Spider (1/4) Lair:3        Slime (0/5) Lair:5
    Orc (2/2) D:12            Elf (3/3) Orc:2        Vaults (0/5) D:14
 Depths (0/4) D:15        Ossuary (visited)          Bailey (visited)

Altars:
Ashenzari
Cheibriados
Dithmenos
Elyvilon
Fedhas
Gozag
Hepliaklqana
Kikubaaqudgha
Makhleb
Nemelex Xobeh
Okawaru
Qazlal
Ru
Sif Muna
Trog
Uskayaw
Vehumet
Wu Jian
Xom
Yredelemnul
Zin
The Shining One
Jiyva

Shops:
D:9 (   D:11 (   Orc:2 (!

Portals:
Trove: D:12 (give 3 potions of resistance)

Annotations:
D:8 1 runed translucent door, MirrMurr's ghost, novice SpHu
D:15 4 transporters
Lair:3 exclusion: oklob plant
Orc:1 1 runed translucent door, Flugslaktarn's ghost, journeyman OpAl
Elf:2 3 runed translucent doors
Abyss:4 1 transporter


Innate Abilities, Weirdness & Mutations

You are immune to sickness and miasma.
Your stone body is resilient. (AC +13)
You are immune to poison.
Your large and strong wings let you fly.
You resist negative energy. (rN+)
You are resistant to electric shocks. (rElec)
You are resistant to unholy torment.
You are immune to petrification.
[You sometimes lose your temper in combat.]
[You are very clumsy. (Dex -4)]
[Armour fits poorly on your strangely shaped body.]
[Your body often deteriorates upon taking damage.]
[You are very dopey. (Int -4)]
[You are extremely frail. (-30% HP)]
[Your magical capacity is low. (-10% MP)]
[You frequently scream uncontrollably at your foes.]
[You do not regenerate when monsters are visible.]
[((You are often teleported next to monsters.))]
[Your spells are much easier to cast, but much less powerful.]
[You sometimes lose the ability to drink potions when taking damage.]
[You sometimes lose the ability to read scrolls when taking damage.]


Message History

A starcursed mass splits.
A starcursed mass splits.
A deafening chorus of shrieks assaults your mind!
Your body deteriorates!
You feel clumsy.
You suddenly lose the ability to move!
You can move again.
Press: ? - help, v - describe, . - travel A gateway leading deeper into the Abyss.
Unknown command.
A chorus of shrieks assaults your mind.
Your body deteriorates!
You feel weakened. A chorus of shrieks assaults your mind.
A chorus of shrieks assaults your mind.
The profane servitor attacks as it pursues you!
The profane servitor hits you with a +2 whip.
The profane servitor hits you but does no damage.
The profane servitor hits you but does no damage. x2
Found a corrupted altar of Lugonu.
You block the profane servitor's attack.
The profane servitor hits you but does no damage.
The profane servitor attacks as it pursues you!
The profane servitor hits you but does no damage. x2
The profane servitor hits you with a +2 whip.
The profane servitor hits you with a +2 whip!
* * * LOW HITPOINT WARNING * * *
The profane servitor attacks as it pursues you!
The profane servitor barely misses you. x2
You block the profane servitor's attack.
The profane servitor hits you but does no damage.
An ice devil comes into view.
The profane servitor hits you with a +2 whip!
* * * LOW HITPOINT WARNING * * *
The profane servitor hits you but does no damage.
You block the profane servitor's attack.
The profane servitor hits you but does no damage.
An ogre comes into view.
A deep elf elementalist comes into view.
It is wielding a +0 long sword.
The ogre shouts!
The deep elf elementalist shouts!
You hear a shout!
The profane servitor hits you with a +2 whip!
You die...

..e. ......
#... 4....
..... ....
#....###...####
#O...#.....#.#
#...........#
#...........#
###.@##..#
#≈.~~A#..#
#~#.###.#.##
~.~ ~~ ##
##...# _~# .
##.## ≈~. #.X#
.~# #..## .#
#....# ##X.##


You could see a profane servitor, a starcursed mass, a deep elf elementalist
(repels missiles), an ice devil and an ogre.

Vanquished Creatures
  Rupert (D:15)
  A deep elf blademaster (Elf:2)
  A deep elf master archer (Elf:3)
  Aizul (Spider:1)
  A deep elf sorcerer (Elf:1)
  2 deep elf death magi (Elf:3)
  4 deep elf demonologists (Elf:3)
  Nessos (D:15)
  5 deep elf annihilators
  Snorg (Lair:3)
  A deep elf high priest (Elf:3)
  Josephine (D:10)
  An entropy weaver (shapeshifter) (D:13)
  8 vault guards
  A jorogumo (Spider:1)
  A rakshasa (D:15)
  A radroach (Spider:1)
  4 centaur warriors
  4 hydras
  A boulder beetle (D:9)
  5 two-headed ogres
  23 dancing weapons
  2 tengu warriors (D:13)
  8 death yaks
  6 orc high priests (Orc:2)
  2 thrashing horrors (Abyss:3)
  2 occultists
  Sonja (Lair:3)
  Nergalle (D:11)
  3 skysharks
  15 deep elf knights
  Lodul (D:10)
  An orb spider (Spider:1)
  9 deep elf archers
  An arcanist (D:14)
  A steelbarb worm (Lair:3)
  A death drake (shapeshifter) (D:14)
  A necromancer (D:15)
  A bog body (D:13)
  30 deep elf pyromancers
  5 wolf spiders
  28 deep elf zephyrmancers
  11 ugly things
  8 orc sorcerers
  A cyclops (D:12)
  5 manticores
  Maurice (D:8)
  Joseph (D:7)
  12 elephants
  5 kobold blastminers
  A worldbinder (Abyss:3)
  5 black mambas
  A merfolk siren (Lair:3)
  3 gargoyles
  An eye of devastation (Lair:5)
  An unseen horror (D:12)
  2 torpor snails
  8 cane toads
  2 centaur skeletons (D:15)
  Maggie (D:6)
  9 komodo dragons
  5 rime drakes
  2 efreet
  An ice devil (D:13)
  Psyche (D:9)
  3 tengu conjurers
  4 trolls
  8 polar bears
  A polar bear (shapeshifter) (Elf:2)
  Grinder (D:3)
  A tarantella (Spider:1)
  A wolf spider simulacrum (D:15)
  11 blink frogs
  8 hornets
  Prince Ribbit (Lair:3)
  A glass eye (Lair:5)
  10 dream sheep
  8 culicivoras
  2 jumping spiders (Spider:1)
  8 slime creatures (D:12)
  A ynoxinul (Abyss:4)
  2 air elementals (Elf:1)
  16 spriggans (Lair:5)
  3 water elementals
  Sigmund (D:3)
  6 wyverns
  7 wraiths
  57 yaks
  A fire elemental (Elf:1)
  5 steam dragons
  3 basilisks
  2 death yak simulacra (D:13)
  9 wargs
  A redback simulacrum (D:15)
  4 vampire mosquitoes (D:12)
  2 acid dragons
  11 water moccasins
  2 ice beasts
  5 black bears
  20 orc warriors
  2 sky beasts
  28 wolves
  5 boggarts
  18 ogres
  8 centaurs
  A phantom (D:5)
  An elf zombie (D:4)
  A kobold brigand (D:11)
  2 gnoll sergeants
  An elf skeleton (D:4)
  12 bullfrogs
  3 earth elementals
  5 scorpions
  A two-headed ogre simulacrum (D:13)
  10 wights
  8 killer bees
  7 howler monkeys
  2 bombardier beetles (D:5)
  4 centaur zombies (Ossuary)
  3 hounds
  5 jellies
  3 sleepcaps
  A human zombie (D:4)
  14 orc priests
  A human skeleton (D:4)
  5 hell rats (Lair:3)
  29 orc wizards
  Natasha (twice) (D:3)
  6 iguanas
  A spriggan simulacrum (D:13)
  A polar bear simulacrum (D:13)
  4 crocodile zombies (Ossuary)
  3 mummies (Ossuary)
  6 adders
  12 gnolls
  4 shadow imps
  2 white imps
  5 ufetubi
  2 ribbon worms (D:2)
  4 dart slugs
  81 orcs
  4 ball pythons
  4 bats
  12 endoplasms
  5 giant cockroaches
  21 goblins
  7 hobgoblins
  4 jackals
  5 quokkas
  18 kobolds
  3 orc skeletons (D:4)
  4 orc zombies (D:4)
  2 rats
903 creatures vanquished.

Vanquished Creatures (collateral kills)
  A draconian (Abyss:4)
  An iguana (D:4)
2 creatures vanquished.

Vanquished Creatures (others)
  A shadow imp (D:8)
  An ufetubus (Abyss:2)
  37 starspawn tentacles
39 creatures vanquished.

Grand Total: 944 creatures vanquished

Notes
Turn   | Place    | Note
-------+----------+-------------------------------------------
     0 | D:1      | shadizar the Gargoyle Earth Elementalist began the quest
                  | for the Orb.
     0 | D:1      | Reached XP level 1. HP: 10/10 MP: 3/3
   117 | D:1      | Reached XP level 2. HP: 16/16 MP: 1/5
   208 | D:1      | Reached skill level 1 in Fighting
   280 | D:1      | Reached skill level 4 in Earth Magic
   585 | D:1      | Reached XP level 3. HP: 20/20 MP: 3/6
   776 | D:1      | Learned a level 3 spell: Stone Arrow
  1306 | D:2      | Reached XP level 4. HP: 26/26 MP: 3/8
  1876 | D:3      | Noticed Natasha
  1889 | D:3      | Killed Natasha
  2192 | D:3      | Reached XP level 5. HP: 31/31 MP: 9/9
  2275 | D:3      | Reached skill level 5 in Earth Magic
  2456 | D:3      | Noticed Sigmund
  2694 | D:4      | Found a sand-covered staircase.
  2701 | D:4      | Reached XP level 6. HP: 26/37 MP: 11/11
  2742 | Ossuary  | Entered an ossuary
  2984 | Ossuary  | Reached XP level 7. HP: 38/43 MP: 12/12
  3012 | Ossuary  | Reached skill level 6 in Earth Magic
  3561 | D:4      | Identified the +1 quarterstaff "Yhucacej" {vamp, Str+2
                  | SInv}
  3841 | D:5      | Entered Level 5 of the Dungeon
  3849 | D:5      | Reached skill level 1 in Armour
  3849 | D:5      | Reached skill level 1 in Shields
  3875 | D:5      | Reached XP level 8. HP: 45/48 MP: 14/14
  3933 | D:5      | Found a staircase to the Ecumenical Temple.
  3939 | Temple   | Entered the Ecumenical Temple
  4133 | D:5      | Reached skill level 5 in Fighting
  4168 | D:5      | Found a shimmering altar of Xom.
  4504 | D:5      | Reached skill level 7 in Earth Magic
  4788 | Temple   | Became a worshipper of Vehumet
  4902 | D:6      | Reached skill level 5 in Spellcasting
  4946 | D:6      | Reached XP level 9. HP: 53/55 MP: 16/16
  4975 | D:6      | Noticed Maggie
  4988 | D:6      | Killed Maggie
  4989 | D:6      | Reached skill level 5 in Conjurations
  5007 | D:6      | Identified the +2 scale mail of the Clam {Will+ Stlth+}
  5463 | D:7      | Found a flagged portal.
  5494 | Bailey   | Entered a bailey
  5605 | Bailey   | Reached * piety under Vehumet
  5605 | Bailey   | Offered knowledge of Freeze by Vehumet.
  6085 | D:7      | Noticed Joseph
  6095 | D:7      | Killed Joseph
  6096 | D:7      | Reached skill level 8 in Earth Magic
  6558 | D:7      | Reached XP level 10. HP: 40/61 MP: 19/19
  6981 | D:7      | Reached skill level 5 in Armour
  6981 | D:7      | Reached skill level 5 in Shields
  7175 | D:8      | Noticed Maurice
  7414 | D:8      | Found a burning altar of Makhleb.
  7436 | D:8      | Identified the ring of Bodily Harmony {*Slow rF++ rC+
                  | Int+2}
  7468 | D:8      | Found a blossoming altar of Fedhas.
  7488 | D:8      | Found a runed translucent door.
  7498 | D:8      | Noticed MirrMurr's ghost (novice SpHu)
  7501 | D:8      | Identified the +3 spear of Generosity {freeze, rElec Str+5}
  7670 | D:8      | Noticed a centaur warrior
  7802 | D:8      | Offered knowledge of Static Discharge by Vehumet.
  7804 | D:8      | Reached ** piety under Vehumet
  8166 | D:9      | Reached skill level 9 in Earth Magic
  8196 | D:9      | Learned a level 2 spell: Static Discharge
  8253 | D:9      | Noticed Psyche
  8263 | D:9      | Killed Psyche
  8332 | D:9      | Noticed a two-headed ogre
  8407 | D:10     | Entered Level 10 of the Dungeon
  8407 | D:10     | Noticed an elephant
  8407 | D:10     | Noticed a two-headed ogre
  8476 | D:8      | Killed a centaur warrior
  8480 | D:8      | Reached XP level 11. HP: 59/68 MP: 21/21
  8572 | D:8      | Maurice stole a +4 dagger
  8583 | D:8      | Maurice stole the ring of Bodily Harmony {*Slow rF++ rC+
                  | Int+2}
  8584 | D:8      | Maurice stole a dragon-blood talisman
  8585 | D:8      | Killed Maurice
  8592 | D:8      | Offered knowledge of Mercury Vapours by Vehumet.
  8950 | D:3      | Noticed Grinder
  8955 | D:3      | Killed Grinder
  9024 | D:3      | Killed Sigmund
  9115 | D:3      | Noticed Natasha
  9117 | D:3      | Killed Natasha
  9424 | D:8      | Killed a two-headed ogre
  9427 | D:8      | Killed a two-headed ogre
  9714 | D:9      | Reached *** piety under Vehumet
  9743 | D:9      | Found Betityoj's Antique Weapon Boutique.
  9814 | D:9      | Found a sacrificial altar of Ru.
  9814 | D:9      | Found a stormy altar of Qazlal.
 10046 | D:10     | Reached skill level 1 in Air Magic
 10079 | D:10     | Noticed a boulder beetle
 10165 | D:10     | Reached skill level 10 in Earth Magic
 10184 | D:10     | Found a staircase to the Lair.
 10190 | D:10     | Offered knowledge of Frozen Ramparts by Vehumet.
 10226 | D:10     | Noticed Lodul
 10239 | D:10     | Killed Lodul
 10416 | D:10     | Noticed Josephine
 10428 | D:10     | Reached XP level 12. HP: 74/75 MP: 19/23
 10436 | D:10     | Killed Josephine
 10521 | D:9      | Killed a boulder beetle
 10862 | D:10     | Reached **** piety under Vehumet
 10868 | D:10     | Offered knowledge of Lee's Rapid Deconstruction by Vehumet.
 11031 | Lair:1   | Entered Level 1 of the Lair of Beasts
 11175 | Lair:1   | Learned a level 5 spell: Lee's Rapid Deconstruction
 11219 | Lair:1   | Identified a scroll of acquirement
 11222 | Lair:1   | Acquired a staff of earth
 11356 | Lair:1   | Reached skill level 11 in Earth Magic
 11619 | Lair:1   | Reached skill level 10 in Fighting
 12559 | Lair:2   | Reached XP level 13. HP: 83/83 MP: 20/26
 13007 | Lair:2   | Reached skill level 10 in Conjurations
 13598 | Lair:3   | Reached skill level 12 in Earth Magic
 13988 | Lair:3   | Reached skill level 1 in Staves
 14033 | Lair:3   | Reached ***** piety under Vehumet
 14060 | Lair:3   | Found a staircase to the Shoals.
 14080 | Lair:3   | Found a hole to the Spider Nest.
 14091 | Lair:3   | Offered knowledge of Arcjolt by Vehumet.
 14393 | Lair:3   | Noticed Sonja
 14396 | Lair:3   | Killed Sonja
 14399 | Lair:3   | Noticed Prince Ribbit
 14412 | Lair:3   | Killed Prince Ribbit
 14547 | Lair:3   | Noticed Snorg
 14554 | Lair:3   | Killed Snorg
 14977 | Lair:3   | Found a runed translucent door.
 15775 | Lair:4   | Reached skill level 10 in Spellcasting
 16296 | Lair:4   | Reached skill level 13 in Earth Magic
 16296 | Lair:4   | Gained mutation: Your large and strong wings let you fly.
                  | [Gargoyle growth]
 16296 | Lair:4   | Reached XP level 14. HP: 91/91 MP: 24/28
 16748 | Lair:5   | Entered Level 5 of the Lair of Beasts
 16925 | Lair:5   | Found a viscous altar of Jiyva.
 16950 | Lair:5   | Found a staircase to the Slime Pits.
 17691 | Lair:5   | Reached skill level 5 in Staves
 17861 | Lair:5   | Offered knowledge of Bombard by Vehumet.
 18185 | Lair:5   | Learned a level 6 spell: Bombard
 19634 | D:11     | Reached skill level 14 in Earth Magic
 19818 | D:11     | Noticed Nergalle
 19824 | D:11     | Killed Nergalle
 19985 | D:11     | Found Zanoteq's Antique Weapon Shop.
 20009 | D:11     | Offered knowledge of Conjure Ball Lightning by Vehumet.
 20019 | D:11     | Reached XP level 15. HP: 97/97 MP: 9/30
 20341 | D:12     | Found a staircase to the Orcish Mines.
 20451 | D:12     | Found an ancient bone altar of Kikubaaqudgha.
 21130 | D:12     | Found a portal to a secret trove of treasure.
 21392 | D:12     | Upgraded the game from 0.31-a0-1576-ga3383bade6 to
                  | 0.31-a0-1589-g8f5e8aebd6
 21417 | Orc:1    | Entered Level 1 of the Orcish Mines
 21704 | Orc:1    | Offered knowledge of Starburst by Vehumet.
 21829 | Orc:1    | Found a runed translucent door.
 21831 | Orc:1    | Noticed Flugslaktarn's ghost (journeyman OpAl)
 21986 | Orc:2    | Entered Level 2 of the Orcish Mines
 22226 | Orc:2    | Reached ****** piety under Vehumet
 22384 | Orc:2    | Found a staircase to the Elven Halls.
 23055 | Orc:2    | Found Ferimef's Weapon Emporium.
 23326 | Orc:2    | Found Laifir's Antique Weapon Emporium.
 23328 | Orc:2    | Found Zusywum's Distillery.
 24106 | D:13     | Offered knowledge of Orb of Destruction by Vehumet.
 25148 | D:14     | Reached skill level 10 in Armour
 25389 | D:14     | Found a gate to the Vaults.
 25536 | D:14     | Reached skill level 5 in Stealth
 25805 | D:14     | Reached XP level 16. HP: 104/104 MP: 31/31
 25839 | D:14     | Reached skill level 10 in Shields
 26158 | D:14     | Reached skill level 15 in Earth Magic
 26335 | D:15     | Entered Level 15 of the Dungeon
 26339 | D:15     | Found a transporter.
 26344 | D:15     | Noticed Rupert
 26345 | D:15     | Found a transporter.
 26529 | D:15     | Killed Rupert
 26938 | D:15     | Found a staircase to the Depths.
 27027 | D:15     | Found a transporter.
 27085 | D:15     | Noticed Nessos
 27193 | D:15     | Killed Nessos
 27585 | D:15     | Found a transporter.
 27859 | Spider:1 | Entered Level 1 of the Spider Nest
 27868 | Spider:1 | Offered knowledge of Ozocubu's Refrigeration by Vehumet.
 28192 | Spider:1 | Identified the serpent talisman of Coeg {Str+2 Dex+3}
 28192 | Spider:1 | Noticed Aizul
 28199 | Spider:1 | Killed Aizul
 28779 | Elf:1    | Entered Level 1 of the Elven Halls
 30077 | Elf:1    | Reached XP level 17. HP: 112/112 MP: 33/33
 31103 | Elf:2    | Offered knowledge of Plasma Beam by Vehumet.
 31242 | Elf:2    | Found a runed translucent gate.
 31376 | Elf:2    | Found a runed translucent gate.
 31376 | Elf:2    | Found a runed translucent gate.
 31376 | Elf:2    | Noticed a tentacled monstrosity
 31388 | Elf:2    | Noticed a tentacled monstrosity
 31388 | Elf:2    | Noticed a tentacled monstrosity
 31836 | Elf:2    | Reached skill level 16 in Earth Magic
 32101 | Elf:2    | Found a runed translucent gate.
 32102 | Elf:2    | Found a runed translucent gate.
 32102 | Elf:2    | Found a runed translucent gate.
 33126 | Elf:2    | Noticed a deep elf blademaster
 33129 | Elf:2    | Killed a deep elf blademaster
 33683 | Elf:3    | Entered Level 3 of the Elven Halls
 33820 | Elf:3    | Noticed a deep elf blademaster
 33825 | Elf:3    | Reached skill level 15 in Fighting
 33952 | Elf:3    | Noticed a deep elf master archer
 33953 | Elf:3    | Killed a deep elf master archer
 33998 | Elf:3    | Reached XP level 18. HP: 119/119 MP: 29/34
 34001 | Elf:3    | Identified the ring of the Gloaming {Fly rElec Str-4 Int+6
                  | Dex+5}
 34001 | Abyss:2  | Cast into level 2 of the Abyss (a deep elf demonologist)
 34027 | Abyss:2  | Noticed a hellephant
 34314 | Abyss:2  | Noticed a bone dragon
 34325 | Abyss:2  | Noticed a bone dragon
 34359 | Abyss:2  | Found a corrupted altar of Lugonu.
 34394 | Abyss:3  | Noticed a bone dragon
 34394 | Abyss:3  | Noticed a bone dragon
 34394 | Abyss:3  | Found a corrupted altar of Lugonu.
 34425 | Abyss:3  | HP: 3/83 [thrashing horror (6)]
 34443 | Abyss:3  | Offered knowledge of Shatter by Vehumet.
 34443 | Abyss:3  | Offered knowledge of Chain Lightning by Vehumet.
 34443 | Abyss:3  | Offered knowledge of Polar Vortex by Vehumet.
 34710 | Abyss:4  | Found a corrupted altar of Lugonu.
 34737 | Abyss:4  | Noticed a lich
 34854 | Abyss:4  | Found a corrupted altar of Lugonu.
 34867 | Abyss:4  | HP: 1/83 [hell hog/fireball (6)]
 34868 | Abyss:4  | Found a transporter.
 34978 | Abyss:4  | Learned a level 3 spell: Passwall
 34988 | Abyss:4  | Learned a level 9 spell: Shatter
 35063 | Abyss:4  | Noticed a lich
 35092 | Abyss:4  | Noticed a bone dragon
 35101 | Abyss:4  | Noticed a profane servitor
 35105 | Abyss:4  | Paralysed by accursed screaming for 1 turns
 35125 | Abyss:4  | Found a corrupted altar of Lugonu.
 35131 | Abyss:4  | HP: 1/83 [profane servitor/+2 whip (13)]
 35135 | Abyss:4  | Mangled by a profane servitor

Illustrated notes

Levels and vault maps discovered:
D:1:      sevenhm_arrival_forest_fort_large_4, layout_basic
D:2:      layout_loops_ring
D:3:      layout_basic, kennysheep_donut, uniq_sigmund, uniq_grinder,
          uniq_natasha
D:4:      minmay_spotlight, layout_rooms, nicolae_ossuary_entry_catacombs
D:5:      layout_cave_pools, mainiacjoe_overflow_cross_hatched,
          minmay_temple_entry_enclosed_plants, grunt_decor_resistance,
          hangedman_abyss_or_decor_stabs
D:6:      layout_rooms, uniq_maggie
D:7:      minmay_octagon_keep, layout_loops_corners, enter_bailey_7, uniq_joseph
D:8:      minmay_clustersquares, layout_gridville,
          mainiacjoe_overflow_catwalk_spiral, ebering_ghost_funeral_grove,
          uniq_maurice
D:9:      layout_basic, chequers_temple_overflow_statue_of_worship,
          serial_shops, shop, kennysheep_generic_room_4, uniq_psyche
D:10:     layout_loops_ring, grunt_lair_entry_orc_guard_hut, nicolae_tricolors,
          uniq_josephine, uniq_lodul
D:11:     layout_roguey [special_room_orc], serial_shops, nicolae_square_shop,
          kennysheep_flooded_box, uniq_nergalle
D:12:     layout_irregular_city, orc_0_dummy, nicolae_trove_entry_isolated,
          nicolae_kikubaaqudgha_miasma_corner
D:13:     dreamdust_isle_of_ice, layout_basic
D:14:     layout_gridville, erik_vaults_2
D:15:     grunt_enter_depths_magical_seal, layout_loops_ring,
          chequers_serial_rivers_room_a, dk_noncrumbling_4,
          nicolae_transporter_intersection, uniq_rupert, uniq_nessos
Temple:   minmay_temple_bridge_d
Lair:1:   layout_cave_pods
Lair:2:   layout_regular_city
Lair:3:   layout_loops_ring, minmay_shoals_entry_lonely_mermaid,
          hellmonk_spider_entry_life_and_decay, minmay_lair_oklob_items,
          pf_torpor_hydra, uniq_prince_ribbit2, uniq_sonja, uniq_snorg
Lair:4:   layout_roguey, grunt_megastairs_5
Lair:5:   minmay_lair_end_enchanted_forest, layout_regular_city,
          minmay_slime_entry_eyes, infiniplex_staircase_pool_2
Spider:1: layout_cave_pods, uniq_aizul
Orc:1:    layout_diamond_mine, gammafunk_ghost_grave
Orc:2:    st_orc_town, layout_diamond_mine
Elf:1:    minmay_elf_arrival_summoners, layout_geoelf_octagon,
          hangedman_elf_disciples, amcnicky_mini_pool_small
Elf:2:    nicolae_elf_blades_crystal_corner, layout_gridlike,
          ploomutoo_gammafunk_ghost_potion_laboratory, grunt_ministairs_2
Elf:3:    grunt_elf_hall_spiral, layout_gridlike
Abyss:4:  base: Lair:3, abyss_exit_lava, hangedman_abyss_rune_macabre_mess,
          spicy_abyss_planar_alliance, evilmike_abyss_rune_siren_acolytes,
          evilmike_abyss_exit_glass, minivault_11,
          gammafunk_abyss_exit_x_factor, hangedman_abyss_or_decor_stagger,
          gammafunk_abyss_rune_reverse_zot, nicolae_abyss_rune_left_handed,
          doesnt_abyss_rune_brain_food

Skill      XL: |  1  2  3  4  5  6  7  8  9 10 11 12 13 14 15 16 17 |
---------------+----------------------------------------------------+-----
Fighting       | 1 2 3 4 5 6 7 9 10 11 12 13 14 15 | 15.1
Earth Magic    | 4 5 6 7 8 9 10 11 13 14 15 16 | 16.4
Spellcasting   | 3 4 5 6 7 9 10 11 12 | 12.8
Conjurations   | 2 3 4 6 7 8 9 11 12 13 14 | 14.5
Armour         | 1 3 4 6 7 8 10 11 12 | 12.1
Shields        | 1 3 4 6 7 8 9 11 | 11.9
Air Magic      | 1 2 |  2.5
Staves         | 3 5 |  5.5
Stealth        | 5 7 8 |  8.6
Dodging        | 2 |  2.3

Action                     |  1- 3 |  4- 6 |  7- 9 | 10-12 | 13-15 | 16-18 || total
---------------------------+-------+-------+-------+-------+-------+-------++-------
  Melee: Unarmed           |     6 |       |       |       |       |       ||     6
         Dagger            |     1 |     1 |    12 |    29 |       |       ||    43
         Staff             |       |       |       |     9 |    66 |    38 ||   113
   Cast: Sandblast         |    52 |   103 |   248 |   366 |   294 |    69 ||  1132
         Stone Arrow       |       |     1 |       |    31 |   360 |   127 ||   519
         Static Discharge  |       |       |       |    47 |    35 |     7 ||    89
         Lee's Rapid Decon |       |       |       |    17 |   142 |   156 ||   315
         Bombard           |       |       |       |       |    17 |    87 ||   104
    Use: Scroll            |       |     3 |    16 |     4 |     4 |    13 ||    40
         Potion            |       |       |     3 |    11 |     1 |    17 ||    32
 Armour: Robe              |    10 |    64 |    37 |       |       |       ||   111
         Ring mail         |       |       |    50 |       |       |       ||    50
         Scale mail        |       |       |    68 |   406 |   550 |   573 ||  1597
  Dodge: Dodged            |    20 |    48 |    79 |   143 |   168 |   180 ||   638
  Block: Buckler           |       |       |    22 |    92 |   160 |   159 ||   433

Table legend: (Time is in decaauts)
 A = Elapsed time spent in this place.
 B = Non-inter-level travel time spent in this place.
 C = Inter-level travel time spent in this place.
 D = Time resting spent in this place.
 E = Time spent auto-exploring this place.
 F = Levels seen in this place.
 G = Mean time per level.
                   A        B        C        D        E       F      G
               +--------+--------+--------+--------+--------+-----+--------+
         Total |  35741 |  34346 |   1395 |      0 |  24257 |  32 | 1116.9 |
       Dungeon |  16616 |  15766 |    850 |      0 |  10885 |  15 | 1107.7 |
        Temple |    153 |      4 |    149 |      0 |      0 |   1 |  153.0 |
          Lair |   8781 |   8559 |    222 |      0 |   7013 |   5 | 1756.2 |
   Spider Nest |    388 |    388 |      0 |      0 |    264 |   1 |  388.0 |
  Orcish Mines |   2719 |   2611 |    108 |      0 |   1746 |   2 | 1359.5 |
   Elven Halls |   4960 |   4896 |     64 |      0 |   3805 |   3 | 1653.3 |
         Abyss |   1056 |   1056 |      0 |      0 |      0 |   3 |  352.0 |
       Ossuary |    479 |    479 |      0 |      0 |    318 |   1 |  479.0 |
        Bailey |    585 |    585 |      0 |      0 |    226 |   1 |  585.0 |
               +--------+--------+--------+--------+--------+-----+--------+

Top non-repeatable levels by time:
   Elf:2: 2842 daAuts
  Lair:5: 2347 daAuts
  Lair:3: 2293 daAuts
   Orc:2: 1823 daAuts
   Elf:1: 1801 daAuts
  Lair:1: 1561 daAuts
     D:7: 1436 daAuts
    D:12: 1350 daAuts
    D:13: 1326 daAuts
  Lair:4: 1325 daAuts
    D:14: 1323 daAuts
     D:9: 1277 daAuts
     D:8: 1270 daAuts
  Lair:2: 1254 daAuts
    D:15: 1170 daAuts
